 Dungeon Crawl Stone Soup version 0.32-a0-7-ge934b4519a (webtiles) character file.

Game seed: 138798201137673669

259375 jasper the Earth Mage (level 19, -2/130 HPs)
             Began as a Gargoyle Earth Elementalist on Jan 13, 2024.
             Was the Champion of Vehumet.
             Killed from afar by a starcursed mass (10 damage)
             ... with an accursed screaming
             ... on level 3 of the Abyss.
             The game lasted 01:53:44 (55372 turns).

jasper the Earth Mage (GrEE)                       Turns: 55372, Time: 01:53:45

Health: -2/130     AC: 31    Str: 16      XL:     19   Next: 90%
Magic:  0/34       EV: 11    Int: 29      God:    Vehumet [******]
Gold:   1384       SH: 12    Dex:  5 (6)  Spells: 6/40 levels left

rFire   + . .        N - staff of conjuration
rCold   . . .        e - +2 kite shield {AC+3}
rNeg    + + +        P - +0 acid dragon scales
rPois   ∞            A - +1 helmet
rElec   +            T - scarf of the Cartwright {+Inv, Regen+ Int+3}
rCorr   +            k - +1 pair of gloves
SInv    .            t - -1 pair of boots "Hogiyvoc" {^Contam rN+++ Str+4 Slay+3}
Will    +....        (no amulet)
Stlth   +            L - +6 ring of intelligence
HPRegen 1.21/turn    s - ring of protection from fire
MPRegen 0.24/turn

%: no passive effects
@: about to teleport, flying, slowed, very slow
A: sickness immunity, AC +14, big wings, negative energy resistance 1,
electricity resistance, torment resistance 1, petrification resistance, [clumsy
2], [dopey 2], [subdued magic 3], [inability to read after injury 2]
}: 2/15 runes: barnacled, gossamer
a: Renounce Religion, Evoke Invisibility


You were on level 3 of the Abyss.
You worshipped Vehumet.
Vehumet was exalted by your worship.
You visited 7 branches of the dungeon, and saw 32 of its levels.
You visited the Abyss 3 times.
You also visited: Bailey and Gauntlet.

You collected 3416 gold pieces.
You spent 2032 gold pieces at shops.

Inventory:

Hand Weapons
 R - a +4 eveningstar of protection
Missiles
 j - 245 stones
 C - a throwing net
Armour
 e - a +2 kite shield of protection (worn)
 k - a +1 pair of gloves (worn)
 t - the -1 pair of boots "Hogiyvoc" (worn) {^Contam rN+++ Str+4 Slay+3}
   (You found it in a Gauntlet)

   Str+4:     It affects your strength (+4).
   Slay+3:    It affects your accuracy & damage with ranged weapons and melee
   (+3).
   rN+++:     It renders you almost immune to negative energy.
   ^Contam:   It causes magical contamination when unequipped.
 A - a +1 helmet (worn)
 P - +0 acid dragon scales (worn)
 T - the scarf of the Cartwright (worn) {+Inv, Regen+ Int+3}
   (You acquired it on level 1 of the Lair of Beasts)

   Int+3:     It affects your intelligence (+3).
   Regen+:    It increases your rate of health regeneration.
Magical Staves
 w - a staff of fire
 N - a staff of conjuration (weapon)
Jewellery
 h - a ring of protection from fire
 r - a ring of protection from fire
 s - a ring of protection from fire (right hand)
 v - a ring of protection from cold
 x - a ring of magical power
 H - a ring of positive energy
 L - a +6 ring of intelligence (left hand)
Wands
 B - a wand of flame (20)
 D - a wand of digging (3)
 G - a wand of light (13)
 I - a wand of paralysis (22)
 Q - a wand of mindburst (5)
 X - a wand of iceblast (2)
Scrolls
 a - 2 scrolls of fog
 f - 17 scrolls of identify
 i - 3 scrolls of immolation
 m - 2 scrolls of torment
 n - 10 scrolls of fear
 y - 2 scrolls of amnesia
 z - 3 scrolls of vulnerability
 O - 8 scrolls of poison
 S - 8 scrolls of teleportation
 U - a scroll of silence
 V - 5 scrolls of revelation
 Z - a scroll of butterflies
Potions
 b - a potion of magic
 c - 4 potions of lignification
 g - 3 potions of attraction
 l - 4 potions of curing
 o - 4 potions of ambrosia
 p - 6 potions of haste
 q - 2 potions of berserk rage
 u - 9 potions of enlightenment
 F - a potion of might
 J - 6 potions of brilliance
 K - 2 potions of mutation
 W - 4 potions of invisibility
 Y - 5 potions of cancellation
Miscellaneous
 E - a phial of floods (inert)


   Skills:
 - Level 18.2 Fighting
 - Level 5.0(9.0) Maces & Flails
 - Level 11.5(12.0) Staves
 - Level 10.0 Armour
 - Level 6.0 Dodging
 - Level 2.1 Stealth
 - Level 12.0 Shields
 + Level 11.3 Spellcasting
 - Level 10.0 Conjurations
 - Level 6.0 Necromancy
 - Level 1.0 Translocations
 - Level 5.0 Fire Magic
 - Level 2.0 Air Magic
 * Level 20.5 Earth Magic
 - Level 5.0 Evocations


You had 6 spell levels left.
You knew the following spells:

 Your Spells              Type           Power      Damage    Failure   Level
a - Swiftness             Air            14%        N/A       5%          3
b - Passwall              Erth           64%        N/A       0%          3
c - Stone Arrow           Conj/Erth      100%       3d13      0%          3
e - Borgnjor's Vile Clut  Necr/Erth      24%        N/A       1%          5
f - Lee's Rapid Deconstr  Erth           32%        3d16*     0%          5
g - Bombard               Conj/Erth      35%        9d6       1%          6
h - Mephitic Cloud        Conj/Alch/Air  31%        N/A       1%          3
i - Apportation           Tloc           22%        N/A       2%          1
j - Fireball              Conj/Fire      23%        3d11      1%          5

Your spell library contained the following spells:

 Spells                   Type           Power      Damage    Failure   Level
 Shatter                  Erth           32%        3d26*     32%         9
 Fire Storm               Conj/Fire      23%        8d6       100%        9
 Polar Vortex             Ice            4%         N/A       100%        9
 Sandblast                Erth           100%       2d20      0%          1
 Brom's Barrelling Bould  Conj/Erth      70%        2d8       0%          4
 Shock                    Conj/Air       100%       1d9       1%          1
 Mercury Vapours          Alch/Air       22%        N/A       1%          2
 Scorch                   Fire           46%        2d6       1%          2
 Dazzling Flash           Conj/Hex       70%        N/A       1%          3
 Volatile Blastmotes      Fire/Tloc      34%        2d12      1%          3
 Flame Wave               Conj/Fire      47%        2d12      1%          4
 Leda's Liquefaction      Alch/Erth      20%        N/A       1%          4
 Petrify                  Alch/Erth      40%        N/A       1%          4
 Dispel Undead            Necr           26%        3d13      3%          4
 Arcjolt                  Conj/Air       20%        1d30      3%          5
 Lesser Beckoning         Tloc           22%        N/A       4%          2
 Frozen Ramparts          Ice            16%        1d3       4%          3
 Jinxbite                 Hex            16%        N/A       6%          2
 Airstrike                Air            7%         2d(1-17)  6%          4
 Freezing Cloud           Conj/Ice/Air   15%        6-21      8%          5
 Gell's Gravitas          Tloc           11%        N/A       9%          3
 Teleport Other           Tloc           11%        N/A       9%          3
 Starburst                Conj/Fire      23%        6d8       11%         6
 Ozocubu's Armour         Ice            8%         N/A       14%         3
 Martyr's Knell           Necr/Summ      17%        N/A       14%         4
 Conjure Ball Lightning   Conj/Air       20%        3x3d6     19%         6
 Vhi's Electric Charge    Tloc/Air       26%        N/A       28%         4
 Death Channel            Necr           13%        N/A       58%         6
 Alistair's Intoxication  Alch           5%         N/A       86%         5
 Metabolic Englaciation   Hex/Ice        4%         N/A       86%         5
 Eringya's Noxious Bog    Alch           4%         4d6       91%         6
 Sculpt Simulacrum        Ice/Alch       4%         N/A       100%        6
 Summon Cactus Giant      Summ           4%         N/A       100%        6
 Discord                  Hex            4%         N/A       100%        8
 Disjunction              Tloc           5%         N/A       100%        8
 Maxwell's Capacitive Co  Air            7%         ∞         100%        8
 Cigotuvi's Dreadful Rot  Necr/Alch/Air  Unusable   N/A       N/A         2

Dungeon Overview and Level Annotations

Branches:
Dungeon (15/15)            Temple (1/1) D:4            Lair (5/5) D:8
 Shoals (4/4) Lair:3       Spider (4/4) Lair:3        Slime (0/5) Lair:4
    Orc (2/2) D:12            Elf (1/3) Orc:2        Vaults (0/5) D:13
 Depths (0/4) D:15         Bailey (visited)         Gauntlet (visited)

Altars:
Ashenzari
Cheibriados
Dithmenos
Elyvilon
Fedhas
Gozag
Hepliaklqana
Kikubaaqudgha
Makhleb
Nemelex Xobeh
Okawaru
Qazlal
Ru
Sif Muna
Trog
Uskayaw
Vehumet
Wu Jian
Xom
Yredelemnul
Zin
The Shining One
Jiyva

Shops:
Orc:1 :   Orc:2 *[?:(:?   Elf:1 *   Shoals:1 (

Portals:
Hell: Lair:5

Annotations:
D:10 1 runed translucent door, MisterAzrael's ghost, novice MiFi
Shoals:2 3 runed translucent doors


Innate Abilities, Weirdness & Mutations

You are immune to sickness and miasma.
Your stone body is resilient. (AC +14)
You are immune to poison.
Your large and strong wings let you fly.
You resist negative energy. (rN+)
You are resistant to electric shocks. (rElec)
You are resistant to unholy torment.
You are immune to petrification.
[You are very clumsy. (Dex -4)]
[You are very dopey. (Int -4)]
[Your spells are much easier to cast, but much less powerful.]
[You sometimes lose the ability to read scrolls when taking damage.]


Message History

You feel better. You block something's attack.
Something bites you but does no damage.
A starcursed mass splits.
The blink frog is engulfed in excruciating misery.
You regained 9 hp, and now have 22/130 hp.
As you read the scroll of teleportation, it crumbles to dust.
You feel strangely unstable.
You feel the power of the Abyss delaying your translocation!
The brain worm's throbbing head pulsates.
Something gnaws heavily on your mind!
* * * LOW HITPOINT WARNING * * *
You feel your power leaking away.
The tormentor calls on the powers of darkness!
The raiju convulses!
Your body is wracked with pain!
* * * LOW HITPOINT WARNING * * *
The brain worm convulses!
The shining eye convulses!
The laughing skull lets out a vicious peal of laugher.
The bolt of negative energy hits the tormentor.
The tormentor completely resists.
The bolt of negative energy hits the starcursed mass.
The starcursed mass completely resists.
The bolt of negative energy misses you. You block the starcursed mass's attack.
A chorus of shrieks assaults your mind.
* * * LOW HITPOINT WARNING * * *
The tormentor calls on the powers of darkness!
The raiju convulses!
You feel a surge of unholy energy.
The brain worm convulses!
The shining eye convulses!
You take 21 damage, and have 1/130 hp.
You feel better.
The weeping skull unleashes gushing sobs.
The wave of grief passes through the starcursed mass.
The starcursed mass completely resists.
The wave of grief passes through the large abomination.
The large abomination completely resists.
The wave of grief passes through the large abomination.
The large abomination completely resists.
The wave of grief passes through the starcursed mass.
The starcursed mass completely resists.
The wave of grief passes through you. You resist.
A chorus of shrieks assaults your mind.
You die... # .# .z #X ' ○ #X #.XG#X### #Xh†X@# ###2### wz #zX #3# .

You could see 4 starcursed masses, a shining eye, 3 large abominations, a tormentor, a raiju, a neqoxec, a weeping skull, 2 laughing skulls and a brain worm.

Vanquished Creatures
  Bai Suzhen (Spider:3)
  Arachne (Spider:3)
  A bone dragon (Abyss:3)
  Jorgrun (Elf:1)
  A lich (Abyss:3)
  3 krakens
  Gastronok (D:8)
  Roxanne (Shoals:3)
  Frances (D:12)
  4 ghost moths
  7 emperor scorpions
  A deep elf sorcerer (Elf:1)
  Louise (Shoals:3)
  2 broodmothers (Spider:3)
  A very ugly thing (Abyss:3)
  2 deep elf annihilators (Elf:1)
  The ghost of Agan the Black Belt, a journeyman MeSh (Lair:4)
  A dire elephant (Lair:5)
  Azrael (Spider:2)
  7 merfolk impalers
  2 fire dragons (D:15)
  A blizzard demon (Abyss:3)
  6 merfolk javelineers
  3 entropy weavers
  Fannar (Orc:2)
  5 catoblepae
  Erolcha (Orc:2)
  4 vault guards (D:13)
  A hydra (Lair:1)
  A rakshasa (D:15)
  3 ogre magi
  6 merfolk aquamancers
  A jorogumo (Spider:2)
  3 radroaches
  3 merfolk avatars
  8 two-headed ogres
  An alligator snapping turtle (Shoals:4)
  5 boulder beetles
  A two-headed ogre (shapeshifter) (D:13)
  8 centaur warriors
  4 satyrs
  7 dancing weapons (Elf:1)
  A hell hog (Gauntlet)
  3 death yaks (Lair:2)
  3 demonic crawlers
  An occultist (Lair:5)
  6 thrashing horrors (Abyss:3)
  An orc high priest (Elf:1)
  Urug (Orc:2)
  3 sun demons
  7 deep elf knights (Elf:1)
  8 skysharks
  Amaemon (D:8)
  6 pharaoh ants
  7 sea snakes
  A sun moth (shapeshifter) (Elf:1)
  A spatial maelstrom (Abyss:3)
  5 deep elf archers (Elf:1)
  13 orb spiders
  A glowing orange brain (Gauntlet)
  2 sun moths
  14 steelbarb worms
  8 harpies
  An orc knight (Bailey)
  11 deep elf zephyrmancers (Elf:1)
  26 wolf spiders
  13 fauns (Shoals:2)
  19 deep elf pyromancers
  6 cyclopes
  7 orc sorcerers (Orc:2)
  A worldbinder (Abyss:3)
  17 ugly things
  12 elephants
  6 manticores
  7 moths of wrath
  A stone giant skeleton (Abyss:3)
  9 meliai
  9 merfolk sirens
  8 black mambas
  7 torpor snails
  3 kobold blastminers (Orc:2)
  3 orange demons
  2 unseen horrors
  4 water nymphs
  Maggie (D:6)
  13 cane toads
  5 kobold demonologists
  6 large abominations (Abyss:3)
  A freezing wraith (Abyss:3)
  A yaktaur (D:14)
  Jeremiah (D:6)
  5 rime drakes (Lair:5)
  6 komodo dragons
  A tengu conjurer (D:13)
  3 ice devils (Lair:5)
  A minotaur skeleton (Abyss:3)
  A hellwing (Lair:5)
  11 trolls
  An ancient zyme (Abyss:3)
  34 merfolk
  7 wind drakes
  10 snapping turtles
  A hornet (D:9)
  5 raiju (Abyss:3)
  17 tarantellas
  8 dream sheep (Lair:5)
  9 blink frogs
  A vampire (D:13)
  2 air elementals (Elf:1)
  19 culicivoras
  19 jumping spiders
  12 slime creatures
  A ynoxinul (Abyss:3)
  A wyvern (Lair:5)
  A spriggan (shapeshifter) (D:13)
  A shadow (D:13)
  2 wraiths
  2 basilisks
  3 fire elementals (Spider:2)
  79 yaks
  15 water elementals
  4 fire bats (Gauntlet)
  3 wargs (Orc:1)
  74 redbacks
  2 steam dragons
  7 vampire mosquitoes
  A neqoxec (Abyss:3)
  A chaos spawn (Abyss:3)
  2 acid dragons
  3 small abominations (Abyss:3)
  15 water moccasins
  Duvessa (D:5)
  22 orc warriors
  6 hell hounds
  An ice beast (D:7)
  5 laughing skulls
  3 boggarts (D:14)
  2 black bears
  11 ogres
  5 centaurs
  11 wolves (Lair:3)
  2 weeping skulls (Abyss:3)
  18 bullfrogs
  2 kobold brigands (D:9)
  5 scorpions
  An earth elemental (Elf:1)
  4 wights
  Dowan (D:5)
  9 killer bees
  6 electric eels
  5 howler monkeys
  3 bombardier beetles
  3 jellies
  A quasit (Abyss:3)
  4 hounds
  11 orc priests
  A sleepcap (D:6)
  2 iguanas
  Ijyb (D:5)
  31 orc wizards
  9 adders
  4 gnolls
  A shadow imp (D:6)
  3 white imps
  3 ufetubi
  4 dart slugs
  A ribbon worm (D:2)
  71 orcs
  5 bats
  8 endoplasms
  2 giant cockroaches
  8 goblins
  7 hobgoblins
  3 jackals (D:2)
  6 quokkas
  15 ball pythons
  4 frilled lizards
  2 goblin zombies (D:6)
  18 kobolds
  4 rats
  A lurking horror (Abyss:3)
  9 tentacles
1162 creatures vanquished.

Vanquished Creatures (others)
  A tentacled starspawn (Abyss:3)
  An ancient zyme (Abyss:3)
  4 small abominations (Abyss:3)
  A bullfrog (Lair:1)
  An orc wizard (Orc:2)
  A white imp (Abyss:3)
  2 lurking horrors (Abyss:3)
  58 tentacles
69 creatures vanquished.

Grand Total: 1231 creatures vanquished

Notes
Turn   | Place    | Note
-------+----------+-------------------------------------------
     0 | D:1      | jasper the Gargoyle Earth Elementalist began the quest for
                  | the Orb.
     0 | D:1      | Reached XP level 1. HP: 10/10 MP: 3/3
   127 | D:1      | Reached skill level 4 in Earth Magic
   216 | D:1      | Reached XP level 2. HP: 12/16 MP: 3/5
   289 | D:1      | Reached skill level 1 in Fighting
   856 | D:2      | Reached XP level 3. HP: 20/20 MP: 3/6
   958 | D:2      | Learned a level 3 spell: Passwall
  1155 | D:2      | Reached skill level 5 in Earth Magic
  1207 | D:2      | Reached XP level 4. HP: 26/26 MP: 5/7
  1211 | D:2      | Learned a level 3 spell: Stone Arrow
  2115 | D:3      | Reached XP level 5. HP: 31/31 MP: 5/8
  2167 | D:3      | Reached skill level 6 in Earth Magic
  2766 | D:3      | Found an opulent altar of Gozag.
  2766 | D:3      | Found a hazy altar of Hepliaklqana.
  2806 | D:3      | Reached XP level 6. HP: 37/37 MP: 5/9
  3105 | D:4      | Reached skill level 7 in Earth Magic
  3207 | D:4      | Found a staircase to the Ecumenical Temple.
  3238 | Temple   | Entered the Ecumenical Temple
  3248 | Temple   | Became a worshipper of Vehumet
  3385 | D:4      | Reached XP level 7. HP: 43/43 MP: 6/10
  3442 | D:4      | Reached skill level 8 in Earth Magic
  4175 | D:5      | Entered Level 5 of the Dungeon
  4226 | D:5      | Reached skill level 5 in Fighting
  4226 | D:5      | Reached skill level 9 in Earth Magic
  4549 | D:5      | Reached XP level 8. HP: 38/50 MP: 7/11
  4820 | D:5      | Noticed Dowan
  4821 | D:5      | Noticed Duvessa
  4822 | D:5      | Noticed Ijyb
  5016 | D:6      | Reached skill level 10 in Earth Magic
  5021 | D:6      | Learned a level 4 spell: Brom's Barrelling Boulder
  5072 | D:6      | Found a sacrificial altar of Ru.
  5256 | D:6      | Noticed Jeremiah
  5637 | D:6      | Reached * piety under Vehumet
  5637 | D:6      | Offered knowledge of Sting by Vehumet.
  5829 | D:6      | Noticed Maggie
  5838 | D:6      | Killed Maggie
  5933 | D:6      | Reached skill level 5 in Conjurations
  5933 | D:6      | Reached XP level 9. HP: 56/56 MP: 9/12
  6450 | D:7      | Noticed a troll
  6744 | D:8      | Reached skill level 10 in Fighting
  6744 | D:8      | Reached XP level 10. HP: 68/68 MP: 14/23
  6755 | D:8      | Learned a level 5 spell: Borgnjor's Vile Clutch
  6840 | D:8      | Noticed an orange demon
  6846 | D:8      | Killed an orange demon
  7078 | D:8      | Noticed Gastronok
  7102 | D:8      | Reached skill level 1 in Necromancy
  7107 | D:8      | Found a flagged portal.
  7120 | Bailey   | Entered a bailey
  7153 | Bailey   | Noticed an orc knight
  7250 | Bailey   | Killed an orc knight
  7250 | Bailey   | Reached ** piety under Vehumet
  7250 | Bailey   | Offered knowledge of Magic Dart by Vehumet.
  7550 | Bailey   | Reached skill level 10 in Spellcasting
  7628 | D:9      | Noticed a kobold demonologist
  7628 | D:9      | Noticed a kobold demonologist
  7718 | D:9      | Reached XP level 11. HP: 50/73 MP: 20/25
  8050 | D:9      | Offered knowledge of Static Discharge by Vehumet.
  8193 | D:9      | Reached skill level 5 in Necromancy
  8194 | D:9      | Reached *** piety under Vehumet
  8422 | D:9      | You are sucked into a shaft and drop 2 floors!
  8500 | D:11     | Noticed a cyclops
  8709 | D:11     | Killed a cyclops
  9016 | D:11     | Noticed a sixfirhy
  9154 | D:10     | Entered Level 10 of the Dungeon
  9555 | D:10     | Found a runed translucent door.
  9555 | D:10     | Noticed a cyclops
  9555 | D:10     | Noticed MisterAzrael's ghost (novice MiFi)
  9800 | D:6      | Killed Jeremiah
  9800 | D:6      | Offered knowledge of Dazzling Flash by Vehumet.
 10009 | D:5      | Killed Ijyb
 10127 | D:5      | Killed Duvessa
 10130 | D:5      | Killed Dowan
 10405 | D:7      | Reached skill level 11 in Earth Magic
 10807 | D:8      | Killed Gastronok
 10808 | D:8      | Reached skill level 1 in Evocations
 10808 | D:8      | Reached XP level 12. HP: 61/82 MP: 2/26
 11000 | D:8      | Noticed Amaemon
 11013 | D:8      | Killed Amaemon
 11181 | D:8      | Found a staircase to the Lair.
 11637 | D:10     | Found a sparkling altar of Nemelex Xobeh.
 11980 | D:10     | Found an iron altar of Okawaru.
 11984 | D:10     | Found a shimmering altar of Xom.
 11987 | D:10     | Found a white marble altar of Elyvilon.
 12024 | D:10     | Identified the +1 leather armour "Ustayl" {^Drain rF+++
                  | rCorr MP+9}
 12314 | D:11     | Noticed a soul eater
 12409 | D:11     | Noticed a two-headed ogre
 12552 | D:11     | Killed a two-headed ogre
 12553 | D:11     | Reached skill level 12 in Earth Magic
 12639 | D:11     | Found an opulent altar of Gozag.
 13224 | Lair:1   | Entered Level 1 of the Lair of Beasts
 13397 | Lair:1   | Reached **** piety under Vehumet
 13444 | Lair:1   | Offered knowledge of Frozen Ramparts by Vehumet.
 14050 | Lair:1   | Identified a scroll of acquirement
 14050 | Lair:1   | Acquired the scarf of the Cartwright {+Inv, Regen+ Int+3}
 14121 | Lair:1   | Noticed a boulder beetle
 14145 | Lair:1   | Killed a boulder beetle
 14251 | Lair:1   | Found the +8 whip "Snakebite" {venom, curare, rPois}
 14316 | Lair:2   | Noticed a four-headed hydra
 14399 | Lair:1   | Reached XP level 13. HP: 16/88 MP: 14/27
 14478 | Lair:1   | Reached skill level 1 in Maces & Flails
 14729 | Lair:2   | Reached skill level 5 in Dodging
 14729 | Lair:2   | Reached skill level 5 in Evocations
 15660 | Lair:3   | Reached ***** piety under Vehumet
 15660 | Lair:3   | Offered knowledge of Lee's Rapid Deconstruction by Vehumet.
 15694 | Lair:3   | Learned a level 5 spell: Lee's Rapid Deconstruction
 15749 | Lair:3   | Reached skill level 5 in Maces & Flails
 16015 | Lair:3   | Found a hole to the Spider Nest.
 16135 | Lair:3   | Reached skill level 15 in Fighting
 16574 | Lair:3   | Found a staircase to the Shoals.
 17184 | Lair:4   | Gained mutation: Your large and strong wings let you fly.
                  | [Gargoyle growth]
 17184 | Lair:4   | Reached XP level 14. HP: 87/98 MP: 22/28
 17190 | Lair:4   | Reached skill level 13 in Earth Magic
 17342 | Lair:4   | Found a large runed translucent door.
 17343 | Lair:4   | Found a large runed translucent door.
 17344 | Lair:4   | Noticed Agan's ghost (journeyman MeSh)
 17344 | Lair:4   | Found the +18 shield of the Gong {Loud rN+ Will+ rCorr
                  | EV-5}
 17462 | Lair:4   | Offered knowledge of Bombard by Vehumet.
 17470 | Lair:4   | Learned a level 6 spell: Bombard
 17571 | Lair:4   | Found a staircase to the Slime Pits.
 17572 | Lair:4   | Found a viscous altar of Jiyva.
 17868 | Lair:4   | Killed Agan's ghost
 17988 | Lair:5   | Entered Level 5 of the Lair of Beasts
 18139 | D:12     | Found a blossoming altar of Fedhas.
 18835 | D:12     | Found a staircase to the Orcish Mines.
 19286 | D:12     | Noticed Frances
 19312 | Orc:1    | Entered Level 1 of the Orcish Mines
 19910 | Orc:2    | Entered Level 2 of the Orcish Mines
 20419 | Orc:2    | Found Hoath's Assorted Antiques.
 20498 | Orc:2    | Bought a scroll of revelation for 187 gold pieces
 20548 | Orc:2    | Found Tibuliri's Book Emporium.
 20551 | Orc:2    | Found Buishros's Magic Scroll Shoppe.
 20557 | Orc:2    | Bought a book of Party Tricks for 330 gold pieces
 20557 | Orc:2    | Bought a book of Vapours for 390 gold pieces
 20561 | Orc:2    | Learned a level 3 spell: Mephitic Cloud
 20563 | Orc:2    | Learned a level 1 spell: Apportation
 20573 | Orc:2    | Bought a scroll of immolation for 48 gold pieces
 20573 | Orc:2    | Bought a scroll of vulnerability for 48 gold pieces
 20573 | Orc:2    | Bought a scroll of teleportation for 36 gold pieces
 20573 | Orc:2    | Bought a scroll of blinking for 90 gold pieces
 20573 | Orc:2    | Bought a scroll of immolation for 48 gold pieces
 20573 | Orc:2    | Bought a scroll of blinking for 90 gold pieces
 20573 | Orc:2    | Bought a scroll of revelation for 90 gold pieces
 20573 | Orc:2    | Bought a scroll of revelation for 90 gold pieces
 20659 | Orc:2    | Found a staircase to the Elven Halls.
 20826 | Orc:2    | Found Meleumia's Antique Weapon Shop.
 20876 | Orc:2    | Found Otteaf's Magic Scroll Boutique.
 20887 | Orc:2    | Bought a scroll of teleportation for 30 gold pieces
 20887 | Orc:2    | Bought a scroll of blinking for 75 gold pieces
 20909 | Orc:2    | Found an ancient bone altar of Kikubaaqudgha.
 20909 | Orc:2    | Paralysed by an orc sorcerer for 5 turns
 20926 | Orc:2    | Reached skill level 10 in Conjurations
 21062 | Orc:2    | Noticed Erolcha
 21070 | Orc:2    | Killed Erolcha
 21074 | Orc:2    | Found a radiant altar of Vehumet.
 21083 | Orc:2    | Offered knowledge of Ozocubu's Refrigeration by Vehumet.
 21123 | Orc:2    | Found Suucs's Book Shop.
 21124 | Orc:2    | Found Bixuogom's Antique Armour Shop.
 21133 | Orc:2    | Bought a book of Air for 308 gold pieces
 21298 | Orc:1    | Noticed Fannar
 21313 | Orc:2    | Killed Fannar
 21333 | Orc:1    | Noticed Urug
 21447 | Orc:2    | Killed Urug
 21452 | Orc:1    | Found Labisyba's Book Boutique.
 21688 | Orc:2    | Bought a runed kite shield for 172 gold pieces
 21763 | Orc:2    | Learned a level 3 spell: Swiftness
 22054 | Lair:5   | Reached skill level 1 in Shields
 22057 | Lair:5   | Reached skill level 1 in Air Magic
 22271 | Lair:5   | Reached XP level 15. HP: 92/103 MP: 24/29
 22885 | Lair:5   | Reached skill level 5 in Shields
 23230 | Lair:5   | Found a burning altar of Makhleb.
 23482 | Lair:5   | Found a gateway to Hell.
 24047 | D:12     | Killed Frances
 24828 | D:13     | Reached skill level 1 in Translocations
 25286 | D:13     | Reached skill level 10 in Shields
 25332 | D:13     | Found a gate to the Vaults.
 26241 | D:14     | Found a gate leading to a gauntlet.
 26256 | Gauntlet | Entered a Gauntlet
 26256 | Gauntlet | Found a transporter.
 26323 | Gauntlet | Found a transporter.
 26339 | Gauntlet | Found a runed translucent door.
 26344 | Gauntlet | Found a transporter.
 26365 | Gauntlet | Found a transporter.
 26378 | Gauntlet | Found a transporter.
 26392 | Gauntlet | Found a transporter.
 26419 | Gauntlet | Found a transporter.
 26419 | Gauntlet | Found a transporter.
 26425 | Gauntlet | Found a transporter.
 26450 | Gauntlet | Found a transporter.
 26452 | Gauntlet | Found a transporter.
 26485 | Gauntlet | Found a transporter.
 26548 | Gauntlet | Identified the +1 robe "Puuhios" {Regen+ rCorr Str+6 Dex-2}
 26550 | Gauntlet | Identified the -1 pair of boots "Hogiyvoc" {^Contam rN+++
                  | Str+4 Slay+3}
 26598 | Gauntlet | Identified the amulet of Monotheism {Faith Dex+2}
 26713 | Gauntlet | Identified the +2 flail "Faru" {freeze, rElec Str+3 Int+4
                  | Dex-4}
 26713 | Gauntlet | Identified the +1 orcbow of Xemilubu {drain, rF+}
 26903 | D:14     | Reached XP level 16. HP: 104/108 MP: 29/31
 26936 | D:14     | Offered knowledge of Arcjolt by Vehumet.
 26941 | D:14     | Reached skill level 1 in Staves
 27487 | D:15     | Entered Level 15 of the Dungeon
 27510 | D:15     | Reached skill level 5 in Staves
 28364 | D:15     | Found a staircase to the Depths.
 28989 | Shoals:1 | Entered Level 1 of the Shoals
 29266 | Shoals:1 | Found Nauqair's Antique Weapon Emporium.
 30614 | Shoals:1 | Noticed a kraken
 30767 | Shoals:1 | Noticed a kraken
 30785 | Shoals:1 | HP: 5/108 [tentacle[a kraken] (16)]
 30785 | Shoals:1 | HP: 1/108 [merfolk/+0 trident (4)]
 30835 | Shoals:1 | HP: 1/108 [merfolk/+0 trident (8)]
 30968 | Shoals:1 | Killed a kraken
 31067 | Shoals:1 | Noticed a kraken
 31102 | Shoals:1 | Killed a kraken
 31247 | Shoals:1 | Noticed a kraken
 31602 | Shoals:1 | Reached skill level 10 in Staves
 31901 | Shoals:1 | HP: 4/108 [merfolk javelineer/javelin (7)]
 32233 | Shoals:1 | Identified the +3 sling of Abomination {drain, Stlth+}
 32581 | Abyss:3  | Cast into level 3 of the Abyss (merfolk)
 32708 | Abyss:3  | Noticed a bone dragon
 32887 | Abyss:3  | Reached XP level 17. HP: 112/113 MP: 10/32
 33117 | Abyss:3  | Reached skill level 1 in Armour
 33130 | Shoals:2 | Escaped the Abyss
 33470 | Shoals:2 | Reached skill level 14 in Earth Magic
 33810 | Shoals:2 | Found a runed translucent gate.
 33818 | Shoals:2 | Found a runed translucent gate.
 33819 | Shoals:2 | Found a runed translucent gate.
 33867 | Shoals:2 | Noticed a kraken
 34705 | Shoals:2 | Offered knowledge of Fireball by Vehumet.
 34998 | Shoals:3 | Identified the +5 tower shield of the Unbroken {rPois MP+9}
 34998 | Shoals:3 | Noticed Louise
 35000 | Abyss:3  | Cast into level 3 of the Abyss (Louise)
 35022 | Shoals:3 | Escaped the Abyss
 35029 | Shoals:3 | Killed Louise
 35267 | Shoals:3 | Identified the +1 flail of Chagrin {drain, rC+ Int+6
                  | Stlth-}
 35632 | Shoals:3 | Learned a level 5 spell: Fireball
 35714 | Shoals:3 | Noticed Roxanne
 35722 | Shoals:3 | Killed Roxanne
 35743 | Shoals:3 | Reached skill level 15 in Earth Magic
 36197 | Shoals:3 | Reached skill level 1 in Fire Magic
 36405 | Shoals:4 | Entered Level 4 of the Shoals
 37478 | Shoals:4 | Found the +8 demon trident "Rift" {distort, reach+}
 39629 | Shoals:4 | Noticed a kraken
 39949 | Shoals:4 | Killed a kraken
 40028 | Shoals:4 | Got a barnacled rune of Zot
 40279 | Spider:1 | Entered Level 1 of the Spider Nest
 40291 | Spider:1 | Reached skill level 5 in Fire Magic
 40611 | Spider:1 | Reached skill level 5 in Armour
 41263 | Spider:1 | Reached XP level 18. HP: 122/122 MP: 21/33
 41624 | Spider:1 | Reached skill level 16 in Earth Magic
 41695 | Spider:1 | Reached ****** piety under Vehumet
 41868 | Spider:1 | Identified the +1 leather armour of Heizoss {Int+4}
 43851 | Spider:2 | Offered knowledge of Spellforged Servitor by Vehumet.
 44359 | Spider:2 | Noticed Azrael
 44379 | Spider:2 | Killed Azrael
 45141 | Spider:3 | Reached skill level 17 in Earth Magic
 45949 | Spider:2 | Offered knowledge of Ignition by Vehumet.
 46948 | Spider:4 | Entered Level 4 of the Spider Nest
 48061 | Spider:4 | Noticed Arachne
 48188 | Spider:4 | Noticed Bai Suzhen
 48263 | Spider:3 | Killed Arachne
 48264 | Spider:3 | Reached skill level 18 in Earth Magic
 48406 | Spider:3 | Killed Bai Suzhen
 49114 | Spider:4 | Reached XP level 19. HP: 111/128 MP: 13/34
 49631 | Spider:4 | HP: 6/128 [something (9)]
 50635 | Spider:4 | Offered knowledge of Fire Storm by Vehumet.
 50635 | Spider:4 | Offered knowledge of Shatter by Vehumet.
 50635 | Spider:4 | Offered knowledge of Polar Vortex by Vehumet.
 51052 | Spider:4 | Reached skill level 19 in Earth Magic
 51057 | Spider:4 | Got a gossamer rune of Zot
 52096 | Elf:1    | Entered Level 1 of the Elven Halls
 52304 | Elf:1    | Noticed Jorgrun
 52325 | Elf:1    | Killed Jorgrun
 53062 | Elf:1    | Found Wuohedi's Whimsical Warehouse.
 53730 | Elf:1    | Reached skill level 10 in Armour
 54289 | Elf:1    | Reached skill level 20 in Earth Magic
 54619 | Abyss:3  | Cast into level 3 of the Abyss (a deep elf sorcerer)
 55109 | Abyss:3  | Noticed a bone dragon
 55155 | Abyss:3  | Killed a bone dragon
 55371 | Abyss:3  | HP: 1/130 [starcursed mass/accursed screaming (10)]
 55372 | Abyss:3  | Killed from afar by a starcursed mass

Illustrated notes

Levels and vault maps discovered:
D:1:      erik_arrival_blinker_ship, layout_loops_ring
D:2:      layout_basic, hangedman_decor_clover_reticule
D:3:      layout_loops_cross, gammafunk_temple_overflow_wave
D:4:      layout_basic, temple_fountains
D:5:      layout_gridville, hangedman_decor_growths, uniq_ijyb, uniq_duvessa
D:6:      layout_loops_corners, nicolae_ru_sacrificial_ziggurat,
          mainiacjoe_sewer_entry_somewhere_in_here_1, enter_ossuary_4,
          uniq_jeremiah, uniq_maggie
D:7:      layout_basic, minmay_between
D:8:      nicolae_cairo_tiling_large_dashed, layout_basic, david_lair_shrubbed,
          enter_bailey_3, uniq_gastronok, uniq_amaemon
D:9:      layout_rooms
D:10:     layout_loops_corners, minmay_overflow_temple_star_quad,
          amcnicky_altar_gilded, ebering_ghost_inner_flame
D:11:     layout_long_grid, nicolae_gozag_cash_rules_everything_around_me
D:12:     layout_basic, david_orc_5, fedhas_altar_2, uniq_frances
D:13:     layout_loops_ring, lightli_vaults_fourway_checkpoint,
          serial_library_regret_index_multi
D:14:     layout_roguey, hangedman_abyss_or_decor_stabs, gauntlet_entry_generic
D:15:     grunt_enter_depths_hoard, layout_basic, nicolae_titane,
          serial_library_hellmonk_small_alcove
Temple:   hellmonk_temple_of_storms
Lair:1:   minmay_guarded_unrand_snakebite, layout_misc_corridors
Lair:2:   wander_river, layout_hall_layers, infiniplex_staircase_pool
Lair:3:   layout_big_grid, minmay_shoals_entry_lonely_mermaid,
          nicolae_spider_entry_orb_guardian
Lair:4:   layout_loops_ring, slime_entry_1, ebering_ghost_disaster_area,
          lemuel_fruit_fields
Lair:5:   evil_forest, layout_loops_ring
Shoals:1: nicolae_shoals_lighthouse, layout_shoals, serial_shops, shop,
          nicolae_shoals_seven_spires
Shoals:2: layout_shoals, nicolae_shoals_beach_cooler
Shoals:3: layout_shoals, uniq_roxanne, uniq_louise
Shoals:4: shoals_end_hangedman, layout_shoals, nicolae_shop_vocational
Spider:1: layout_cave_pods, guppyfry_spider_mini_2
Spider:2: layout_cave_pods, uniq_azrael
Spider:3: layout_spider_delve
Spider:4: grunt_spider_rune_circles, portal_ice_cave_entry_pillars_four,
          uniq_arachne, uniq_bai_suzhen
Orc:1:    layout_caves, basic_altar, serial_shops, nicolae_book_shop_shelving,
          uniq_fannar, uniq_urug
Orc:2:    kennysheep_orc_mage_school, layout_diamond_mine, serial_shops, shop,
          nicolae_shop_statue_plus, nicolae_shop_tiny_statue_garden
Elf:1:    layout_onion_city, evilmike_minifort, nicolae_alphabet_shops,
          minivault_16, minmay_misc_feat_rows, uniq_jorgrun
Abyss:3:  base: D:7, evilmike_abyss_exit_plants, base: D:4, base:
Vaults:1

Skill      XL: |  1  2  3  4  5  6  7  8  9 10 11 12 13 14 15 16 17 18 19 |
---------------+----------------------------------------------------------+-----
Earth Magic    | 4 5 6 7 9 10 11 12 13 15 18 20 | 20.5
Fighting       | 1 2 3 4 5 6 10 12 13 15 16 17 18 | 18.2
Conjurations   | 5 10 | 10.0
Spellcasting   | 9 10 11 | 11.3
Necromancy     | 2 6 |  6.0
Dodging        | 2 4 5 6 |  6.0
Evocations     | 1 4 5 |  5.0
Maces & Flails | 5 |  5.0
Shields        | 2 12 | 12.0
Air Magic      | 1 2 |  2.0
Translocations | 1 |  1.0
Staves         | 11 | 11.5
Armour         | 5 8 10 | 10.0
Fire Magic     | 5 |  5.0
Stealth        | |  2.1

Action                     |  1- 3 |  4- 6 |  7- 9 | 10-12 | 13-15 | 16-18 | 19-21 || total
---------------------------+-------+-------+-------+-------+-------+-------+-------++-------
  Melee: Short sword       |       |     2 |    11 |    62 |       |       |       ||    75
         Punch             |       |       |       |     1 |     8 |       |       ||     9
         Demon whip        |       |       |       |    44 |       |       |       ||    44
         Whip              |       |       |       |       |   686 |    60 |       ||   746
         Staff             |       |       |       |       |       |   723 |   234 ||   957
         Unarmed           |       |       |       |       |       |   439 |       ||   439
         Demon trident     |       |       |       |       |       |    10 |       ||    10
         Eveningstar       |       |       |       |       |       |       |    49 ||    49
  Throw: Stone             |       |       |     1 |       |       |       |       ||     1
   Cast: Sandblast         |    35 |    79 |    97 |   335 |   137 |       |       ||   683
         Borgnjor's Vile C |       |       |       |    52 |   173 |   321 |   113 ||   659
         Stone Arrow       |       |       |       |       |    30 |   327 |    46 ||   403
         Lee's Rapid Decon |       |       |       |       |    95 |   150 |    78 ||   323
         Mephitic Cloud    |       |       |       |       |    24 |     4 |       ||    28
         Bombard           |       |       |       |       |    20 |    63 |    17 ||   100
         Fireball          |       |       |       |       |       |    58 |     8 ||    66
  Evoke: Wand              |       |       |       |     5 |     3 |    31 |     6 ||    45
         Phial of floods   |       |       |       |     1 |       |     1 |     1 ||     3
    Use: Scroll            |     4 |     3 |     9 |     8 |     5 |    13 |     3 ||    45
         Potion            |       |       |     2 |       |     2 |    11 |     7 ||    22
   Stab: Sleeping          |       |       |       |       |     2 |       |       ||     2
         Petrified         |       |       |       |       |    12 |       |       ||    12
 Armour: Robe              |     2 |       |       |       |       |       |       ||     2
         Ring mail         |     4 |     5 |       |       |       |       |       ||     9
         Leather armour    |       |    12 |    37 |   290 |       |       |       ||   339
         Skin              |       |       |     4 |       |       |       |       ||     4
         Acid dragon scale |       |       |       |   128 |   691 |  1643 |   471 ||  2933
  Dodge: Dodged            |     5 |    16 |    38 |   247 |   379 |   745 |   123 ||  1553
  Block: Kite shield       |       |       |       |       |   142 |  1314 |   258 ||  1714

Table legend: (Time is in decaauts)
 A = Elapsed time spent in this place.
 B = Non-inter-level travel time spent in this place.
 C = Inter-level travel time spent in this place.
 D = Time resting spent in this place.
 E = Time spent auto-exploring this place.
 F = Levels seen in this place.
 G = Mean time per level.
                   A        B        C        D        E       F      G
               +--------+--------+--------+--------+--------+-----+--------+
         Total |  55658 |  52775 |   2883 |  11856 |  31300 |  37 | 1504.3 |
       Dungeon |  19325 |  17807 |   1518 |   1502 |  13754 |  15 | 1288.3 |
        Temple |     21 |     15 |      6 |      0 |      0 |   1 |   21.0 |
          Lair |   7332 |   6771 |    561 |    777 |   4381 |   5 | 1466.4 |
        Shoals |  10781 |  10431 |    350 |   4219 |   4397 |   4 | 2695.2 |
   Spider Nest |  11094 |  10809 |    285 |   3751 |   5168 |   4 | 2773.5 |
  Orcish Mines |   2339 |   2178 |    161 |    343 |   1263 |   2 | 1169.5 |
   Elven Halls |   2511 |   2511 |      0 |    352 |   1853 |   1 | 2511.0 |
         Abyss |   1279 |   1279 |      0 |    758 |    106 |   3 |  426.3 |
        Bailey |    512 |    512 |      0 |    121 |    149 |   1 |  512.0 |
      Gauntlet |    459 |    459 |      0 |     31 |    229 |   1 |  459.0 |
               +--------+--------+--------+--------+--------+-----+--------+

Top non-repeatable levels by time:
Shoals:1: 3886 daAuts
Spider:3: 3202 daAuts
Spider:1: 2801 daAuts
Shoals:3: 2697 daAuts
Shoals:4: 2584 daAuts
Spider:4: 2553 daAuts
Spider:2: 2537 daAuts
   Elf:1: 2511 daAuts
    D:12: 2022 daAuts
  Lair:5: 1899 daAuts
  Lair:3: 1867 daAuts
    D:10: 1643 daAuts
   Orc:2: 1620 daAuts
Shoals:2: 1612 daAuts
  Lair:1: 1537 daAuts
